 Dungeon Crawl Stone Soup version 0.31-a0-844-gdc52ec4e09 (webtiles) character file.

Game seed: 7972626633490865223

2179 JackS81 the Cleaver (level 9, -5/78 HPs)
             Began as a Hill Orc Gladiator on Sept 29, 2023.
             Was a Believer of Okawaru.
             Slain by a white ugly thing (6 damage)
             ... on level 6 of the Dungeon.
             The game lasted 00:15:21 (4536 turns).

JackS81 the Cleaver (Hill Orc Gladiator)            Turns: 4536, Time: 00:15:22

Health: -5/78      AC: 15    Str: 21    XL:     9   Next: 33%
Magic:  1/2        EV: 12    Int:  8    God:    Okawaru [**....]
Gold:   219        SH:  0    Dex: 27    Spells: 8/8 levels left

rFire   + + +        E - +1 war axe (pain)
rCold   + + .        D - orb {mayhem}
rNeg    . . .        v - +0 plate armour
rPois   +            c - +0 helmet
rElec   +            e - scarf {rC+ rF+}
rCorr   +            (no gloves)
SInv    .            (no boots)
Will    .....        x - amulet "Zoezule" {RegenMP rF+ MP-9 Dex+3 Slay+2} Stlth
                     y - +6 ring of dexterity
HPRegen 0.33/turn    z - +6 ring of dexterity
MPRegen 0.48/turn

%: mayhem
@: resistant, heroic
A: no striking features
a: Renounce Religion, Heroism


You were on level 6 of the Dungeon.
You worshipped Okawaru.
Okawaru was pleased with you.
You visited 2 branches of the dungeon, and saw 7 of its levels.

You collected 258 gold pieces.
You spent 39 gold pieces at shops.

Inventory:

Hand Weapons
 a - a +0 war axe
 j - a +3 trident of draining
 q - a +4 quarterstaff of chaos
 E - a +1 war axe of pain (weapon)
Missiles
 m - 5 javelins
Armour
 b - a +0 leather armour
 c - a +0 helmet (worn)
 e - a scarf of resistance (worn)
 r - a +0 cloak
 v - a +0 plate armour (worn)
 D - an orb of mayhem (worn)
 F - +0 steam dragon scales
 J - a +0 kite shield
Jewellery
 x - the amulet "Zoezule" (around neck) {RegenMP rF+ MP-9 Dex+3 Slay+2}
   (You found it on level 3 of the Dungeon)

   [amulet of magic regeneration]

   RegenMP:   It increases your rate of magic regeneration.
   Dex+3:     It affects your dexterity (+3).
   Slay+2:    It affects your accuracy & damage with ranged weapons and melee
   (+2).
   rF+:       It protects you from fire.
   MP-9:      It affects your magic capacity (-9).
 y - a +6 ring of dexterity (left hand)
 z - a +6 ring of dexterity (right hand)
 A - a ring of see invisible
Talismans
 d - a maw talisman
Wands
 n - a wand of iceblast (9)
Scrolls
 f - 4 scrolls of identify {unknown}
 g - a scroll of summoning {unknown}
 h - 3 scrolls of vulnerability {unknown}
 i - 2 scrolls of fog {unknown}
 k - a scroll of blinking {unknown}
 l - a scroll of revelation {unknown}
 o - 2 scrolls of immolation {unknown}
 p - 3 scrolls of fear {unknown}
 t - 2 scrolls of amnesia {unknown}
 u - 3 scrolls of teleportation {unknown}
 w - 2 scrolls of enchant weapon {unknown}
 B - a scroll of poison {unknown}
 C - a scroll of noise {unknown}
Potions
 s - a potion of enlightenment
 G - a potion of haste {unknown}
 H - a potion of resistance


   Skills:
 * Level 6.4(11.4) Fighting
 * Level 12.2(17.2) Axes
 - Level 1.7(6.7) Throwing
 * Level 4.6(9.6) Armour
 + Level 3.3(8.3) Dodging
 * Level 2.9 Invocations
 * Level 2.3 Evocations


You had 8 spell levels left.
You didn't know any spells.
Your spell library contained the following spells:

 Spells                   Type           Power      Damage    Failure   Level
 Apportation              Tloc           0%         N/A       100%        1
 Jinxbite                 Hex            0%         N/A       100%        2
 Alistair's Intoxication  Tmut/Pois      0%         N/A       100%        5


Dungeon Overview and Level Annotations

Branches:
Dungeon (6/15)             Temple (1/1) D:4

Altars:
Ashenzari
Cheibriados
Elyvilon
Fedhas
Gozag
Kikubaaqudgha
Nemelex Xobeh
Okawaru
Qazlal
Ru
Trog
Vehumet
Wu Jian
Xom
Yredelemnul

Shops:
D:1 !   D:6 !


Message History

You see here 5 stones.
You see here 5 stones.
You slash the white ugly thing!
The white ugly thing is lightly wounded.
The white ugly thing trunk-slaps you! The white ugly thing freezes you!
You resist.
You slash the white ugly thing!
The white ugly thing is moderately wounded.
The white ugly thing trunk-slaps you but does no damage.
You hit the white ugly thing.
The white ugly thing is moderately wounded.
You barely miss the white ugly thing.
The white ugly thing is moderately wounded.
The white ugly thing trunk-slaps you! The white ugly thing freezes you!
You resist.
You slash the white ugly thing!
The white ugly thing is heavily wounded.
The white ugly thing trunk-slaps you but does no damage.
You closely miss the white ugly thing.
The white ugly thing is heavily wounded.
The white ugly thing trunk-slaps you. The white ugly thing freezes you!
You resist.
* * * LOW HITPOINT WARNING * * *
It was a potion of resistance.
You feel protected. The white ugly thing trunk-slaps you.
* * * LOW HITPOINT WARNING * * *
The white ugly thing freezes you! You resist.
* * * LOW HITPOINT WARNING * * *
Okay, then.
Okay, then.
You gain the combat prowess of a mighty hero.
The white ugly thing trunk-slaps you.
* * * LOW HITPOINT WARNING * * *
The white ugly thing freezes you. You resist.
* * * LOW HITPOINT WARNING * * *
You slash the white ugly thing!
The white ugly thing is severely wounded.
The white ugly thing trunk-slaps you.
You die...

. ...
.....#######
......fu@..#
.....#####.#
... #.# .
#.# #.# #.#
#.#.# ##
#.## ....#
.... #..#
#.####....
##.# #.#
...... #.#


You could see a white ugly thing and a sleepcap.

Vanquished Creatures
  Jeremiah (D:6)
  Maggie (D:6)
  Grinder (D:6)
  Sigmund (D:5)
  A water moccasin (D:5)
  A black bear (D:6)
  An ice beast (D:5)
  2 ogres (D:5)
  2 phantoms (D:5)
  2 bullfrogs (D:6)
  4 scorpions
  A howler monkey (D:4)
  A jelly (D:5)
  Crazy Yiuf (D:2)
  A sleepcap (D:5)
  2 iguanas
  5 adders
  3 gnolls (D:4)
  A white imp (D:5)
  An ufetubus (D:4)
  2 dart slugs
  3 orcs
  9 endoplasms
  6 giant cockroaches
  9 goblins
  8 hobgoblins
  4 kobolds
  A quokka (D:1)
  5 ball pythons
  7 bats
  A frilled lizard (D:1)
  4 rats
92 creatures vanquished.

Notes
Turn   | Place    | Note
-------+----------+-------------------------------------------
     0 | D:1      | JackS81 the Hill Orc Gladiator began the quest for the Orb.
     0 | D:1      | Reached XP level 1. HP: 18/18 MP: 1/1
    56 | D:1      | Found Cuvul's Distillery.
   116 | D:1      | Reached XP level 2. HP: 23/25 MP: 2/2
   275 | D:1      | Noticed a floating eye
   277 | D:1      | Found a faded altar of an unknown god.
   280 | D:1      | Noticed a golden eye
   280 | D:1      | Noticed a golden eye
   280 | D:1      | Noticed an eye of devastation
   310 | D:1      | Reached XP level 3. HP: 30/30 MP: 3/3
   560 | D:2      | Reached skill level 5 in Axes
   903 | D:2      | Found a runed translucent door.
   904 | D:2      | Noticed Crazy Yiuf
   914 | D:2      | Killed Crazy Yiuf
   915 | D:2      | Reached skill level 1 in Armour
   915 | D:2      | Reached XP level 4. HP: 38/38 MP: 4/4
  1382 | D:3      | Identified the amulet "Zoezule" {RegenMP rF+ MP-9 Dex+3
                  | Slay+2}
  1963 | D:4      | Found a radiant altar of Vehumet.
  2055 | D:4      | Reached skill level 6 in Axes
  2055 | D:4      | Reached XP level 5. HP: 36/45 MP: 0/5
  2136 | D:4      | Found a staircase to the Ecumenical Temple.
  2145 | Temple   | Entered the Ecumenical Temple
  2156 | Temple   | Became a worshipper of Warmaster Okawaru
  2541 | D:5      | Entered Level 5 of the Dungeon
  2550 | D:5      | Noticed a water moccasin
  2558 | D:5      | Killed a water moccasin
  2559 | D:5      | Reached skill level 7 in Axes
  2559 | D:5      | Reached XP level 6. HP: 24/52 MP: 0/6
  2725 | D:5      | Noticed Sigmund
  2750 | D:5      | Killed Sigmund
  2750 | D:5      | Reached * piety under Okawaru
  2751 | D:5      | Reached skill level 8 in Axes
  2751 | D:5      | Reached XP level 7. HP: 45/59 MP: 0/7
  3254 | D:5      | Reached skill level 9 in Axes
  3437 | D:5      | Reached skill level 5 in Fighting
  3437 | D:5      | Reached XP level 8. HP: 68/68 MP: 0/8
  3478 | D:5      | Reached ** piety under Okawaru
  3479 | D:5      | Reached skill level 10 in Axes
  3721 | D:6      | Noticed Maggie
  3737 | D:6      | Killed Maggie
  3738 | D:6      | Reached skill level 1 in Invocations
  3738 | D:6      | Reached skill level 1 in Evocations
  3897 | D:6      | Found Nosuni Zueja's Distillery.
  3911 | D:6      | Bought a potion of lignification for 39 gold pieces
  3934 | D:6      | Reached skill level 11 in Axes
  3961 | D:6      | Noticed Jeremiah
  4050 | D:6      | Killed Jeremiah
  4051 | D:6      | Reached XP level 9. HP: 34/75 MP: 1/10
  4221 | D:6      | Noticed Grinder
  4229 | D:6      | Killed Grinder
  4230 | D:6      | Reached skill level 12 in Axes
  4523 | D:6      | Noticed a white ugly thing
  4535 | D:6      | HP: 1/78 [white ugly thing (6)]
  4536 | D:6      | Slain by a white ugly thing

Illustrated notes

Levels and vault maps discovered:
D:1:      ncdulo_wetmaze, layout_basic, hellmonk_ecumenical_altar_watching_god,
          serial_shops, nicolae_shop_peninsula, st_stairs_13
D:2:      layout_rooms, uniq_crazy_yiuf_cottage
D:3:      layout_basic
D:4:      layout_gridville, vehumet_crystals, minmay_temple_entry_statues,
          grunt_ministairs_1, minmay_curled_crystal
D:5:      layout_basic, st_stairs_2, item_on_display_a, uniq_sigmund
D:6:      layout_loops_cross, kennysheep_orc_sif_temple, serial_shops, shop,
          uniq_maggie, uniq_jeremiah, uniq_grinder
Temple:   nicolae_temple_ecumenical_triangle

Skill      XL: |  1  2  3  4  5  6  7  8  9 |
---------------+----------------------------+-----
Axes           | 5 6 7 8 9 11 12 | 12.2
Fighting       | 3 4 5 6 |  6.4
Armour         | 1 2 3 4 |  4.6
Dodging        | 3 |  3.3
Invocations    | 2 |  2.9
Evocations     | 2 |  2.3
Throwing       | |  1.7

Action                     |  1- 3 |  4- 6 |  7- 9 || total
---------------------------+-------+-------+-------++-------
  Melee: War axe           |    82 |    95 |   143 ||   320
         Punch             |       |     2 |     2 ||     4
  Throw: Throwing net      |     2 |     2 |       ||     4
         Javelin           |       |       |     1 ||     1
 Invoke: Heroism           |       |       |     1 ||     1
  Evoke: Wand              |       |       |     1 ||     1
    Use: Potion            |       |     5 |     5 ||    10
   Stab: Sleeping          |       |     1 |     2 ||     3
 Armour: Leather armour    |    47 |    51 |    25 ||   123
         Plate armour      |       |       |    51 ||    51
         Skin              |       |       |     7 ||     7
  Dodge: Dodged            |    48 |    82 |    43 ||   173

Table legend: (Time is in decaauts)
 A = Elapsed time spent in this place.
 B = Non-inter-level travel time spent in this place.
 C = Inter-level travel time spent in this place.
 D = Time resting spent in this place.
 E = Time spent auto-exploring this place.
 F = Levels seen in this place.
 G = Mean time per level.
                   A        B        C        D        E       F      G
               +--------+--------+--------+--------+--------+-----+--------+
         Total |   4590 |   4490 |    100 |    329 |   3148 |   7 |  655.7 |
       Dungeon |   4569 |   4469 |    100 |    329 |   3148 |   6 |  761.5 |
        Temple |     20 |     20 |      0 |      0 |      0 |   1 |   20.0 |
               +--------+--------+--------+--------+--------+-----+--------+

Top non-repeatable levels by time:
     D:5: 1194 daAuts
     D:3: 929 daAuts
     D:6: 810 daAuts
     D:4: 630 daAuts
     D:1: 563 daAuts
     D:2: 441 daAuts
  Temple: 20 daAuts
